 Dungeon Crawl Stone Soup version 0.24.0-123-gd5b16e6ec5 (webtiles) character file.

Game seed: 12368061635785509486, levelgen mode: deterministic

278168 Peloso the Hoplite (level 19, -10/178 HPs)
             Began as a Minotaur Fighter on Dec 20, 2019.
             Was the Champion of Okawaru.
             Killed from afar by a deep elf mage (33 damage)
             ... with a bolt of lightning
             ... on level 3 of the Elven Halls.
             The game lasted 02:34:46 (40590 turns).

Peloso the Hoplite (Minotaur Fighter)              Turns: 40590, Time: 02:34:46

Health: -10/178    AC: 24    Str: 38    XL:     19   Next: 62%
Magic:  21/21      EV:  8    Int:  5    God:    Okawaru [******]
Gold:   1954       SH: 19    Dex: 16    Spells: 18/18 levels left

rFire    + . .     SeeInvis +   a - +5 double sword (freeze)
rCold    + . .     Gourm    .   c - +0 shield
rNeg     . . .     Faith    .   o - +2 gold dragon scales
rPois    +         Spirit   .   M - +0 hat {MR+}
rElec    .         Reflect  .   l - +1 cloak {rPois}
rCorr    .         Harm     .   x - +0 pair of gloves {Dex+3}
MR       +++..                  t - +2 pair of boots of the Assassin {Detection Stab+ Stlth++}
Stlth    ..........             Z - amulet of Rahair {Regen+ Str+7 Stlth+}
HPRegen  0.79/turn              z - ring of No Interval {Str+5 SInv Stlth+}
MPRegen  0.17/turn              D - ring of protection from magic

@: corroded, drained
A: retaliatory headbutt, horns 2
}: 2/15 runes: barnacled, gossamer
a: Heroism, Finesse, Renounce Religion


You were on level 3 of the Elven Halls.
You worshipped Okawaru.
Okawaru was exalted by your worship.
You were very hungry.

You visited 7 branches of the dungeon, and saw 34 of its levels.
You visited the Abyss 1 time.
You also visited: Sewer and Gauntlet.

You collected 3938 gold pieces.
You spent 1984 gold pieces at shops.

Inventory:

Hand Weapons
 a - a +5 double sword of freezing (weapon)
 b - the +5 falchion "Roxtot" {flame, +Fly rF+ Dex+3}
   (Okawaru gifted it to you on level 12 of the Dungeon)

   It has been specially enchanted to burn those struck by it, causing extra
   injury to most foes and up to half again as much damage against particularly
   susceptible opponents.
   Big, fiery blades are also staple armaments of hydra-hunters.
   It affects your dexterity (+3).
   It protects you from fire.
   It lets you fly.
 y - a +3 demon blade of electrocution
Armour
 c - a +0 shield (worn)
 l - a +1 cloak of poison resistance (worn)
 o - +2 gold dragon scales (worn)
 t - the +2 pair of boots of the Assassin (worn) {Detection Stab+ Stlth++}
   (Okawaru gifted it to you on level 2 of the Elven Halls)

   It makes you much more stealthy.
 x - a +0 pair of gloves of dexterity (worn)
 M - a +0 hat of magic resistance (worn)
Jewellery
 v - the amulet of Eboynivo {Reflect rElec SH+3}
   (You found it on level 3 of the Elven Halls)

   [amulet of reflection]

   It shields you and reflects attacks.
   It insulates you from electricity.
   It affects your SH (+3).
 z - the ring of No Interval (left hand) {Str+5 SInv Stlth+}
   (You took it off a merfolk on level 3 of the Shoals)

   [ring of stealth]

   It affects your strength (+5).
   It lets you see invisible.
   It makes you more stealthy.
 D - a ring of protection from magic (right hand)
 Z - the amulet of Rahair (around neck) {Regen+ Str+7 Stlth+}
   (You found it in a Gauntlet)

   [amulet of regeneration]

   It affects your strength (+7).
   It increases your rate of regeneration.
   It makes you more stealthy.
Wands
 g - a wand of random effects (17)
 j - a wand of flame (13)
 m - a wand of digging (4)
Scrolls
 d - 2 scrolls of fog
 h - 7 scrolls of magic mapping
 i - a scroll of noise
 k - 6 scrolls of identify
 n - 17 scrolls of remove curse
 q - 7 scrolls of teleportation
 s - a scroll of enchant weapon
 w - 2 scrolls of fear
Potions
 e - 3 potions of resistance
 p - 3 potions of haste
 r - 5 potions of might
 A - 3 potions of flight
 C - 10 potions of heal wounds
 Q - 9 potions of curing
 T - 5 potions of berserk rage
 X - 6 potions of agility
Comestibles
 f - 48 rations


   Skills:
 + Level 17.7(16.8) Fighting
 + Level 18.9(17.9) Long Blades
   Level 3.1(2.4) Axes
 + Level 18.8(17.9) Armour
 + Level 2.0(1.3) Dodging
 + Level 1.9(1.3) Stealth
 + Level 24.2(23.1) Shields
 + Level 4.1(3.4) Invocations
 + Level 1.6(1.0) Evocations


You had 18 spell levels left.
You didn't know any spells.
Your spell library contained the following spells:

 Spells                   Type           Power        Failure   Level  Hunger
 Animate Skeleton         Necr           N/A          98%         1    ##.....
 Confusing Touch          Hex            #.....       98%         1    ##.....
 Corona                   Hex            #......      98%         1    ##.....
 Infusion                 Chrm           #...         98%         1    ##.....
 Magic Dart               Conj           #...         98%         1    ##.....
 Pain                     Necr           #...         98%         1    ##.....
 Sandblast                Erth           #.....       98%         1    ##.....
 Shock                    Conj/Air       #...         98%         1    ##.....
 Sting                    Conj/Pois      #...         98%         1    ##.....
 Summon Small Mammal      Summ           #...         98%         1    ##.....
 Blink                    Tloc           N/A          99%         2    ###....
 Call Imp                 Summ           #.......     99%         2    ###....
 Ensorcelled Hibernation  Hex/Ice        #.....       99%         2    ###....
 Poisonous Vapours        Pois/Air       #.....       99%         2    ###....
 Searing Ray              Conj           #.....       99%         2    ###....
 Shroud of Golubria       Chrm/Tloc      #.....       99%         2    ###....
 Call Canine Familiar     Summ           #.......     100%        3    ####...
 Confuse                  Hex            #.......     100%        3    ####...
 Conjure Flame            Conj/Fire      #.......     100%        3    ####...
 Dazzling Spray           Conj/Hex       #.....       100%        3    ####...
 Gell's Gravitas          Tloc           #.........   100%        3    ####...
 Ignite Poison            Fire/Tmut/Pois #.......     100%        3    ####...
 Mephitic Cloud           Conj/Pois/Air  #.......     100%        3    ####...
 Ozocubu's Armour         Chrm/Ice       #.......     100%        3    ####...
 Recall                   Summ/Tloc      N/A          100%        3    ####...
 Regeneration             Chrm/Necr      #.........   100%        3    ####...
 Summon Guardian Golem    Hex/Summ       #.......     100%        3    ####...
 Tukima's Dance           Hex            #.......     100%        3    ####...
 Vampiric Draining        Necr           #.........   100%        3    ####...
 Animate Dead             Necr           N/A          100%        4    #####..
 Force Lance              Conj/Tloc      #.......     100%        4    #####..
 Fulminant Prism          Conj/Hex       #.........   100%        4    #####..
 Ice Form                 Ice/Tmut       #.......     100%        4    #####..
 Iskenderun's Mystic Bla  Conj           #.......     100%        4    #####..
 Olgreb's Toxic Radiance  Pois           #.......     100%        4    #####..
 Passage of Golubria      Tloc           N/A          100%        4    #####..
 Petrify                  Tmut/Erth      #.......     100%        4    #####..
 Summon Ice Beast         Ice/Summ       #.......     100%        4    #####..
 Summon Lightning Spire   Summ/Air       #.......     100%        4    #####..
 Aura of Abjuration       Summ           #.........   100%        5    ######.
 Fireball                 Conj/Fire      #.........   100%        5    ######.
 Irradiate                Conj/Tmut      #.........   100%        5    ######.
 Metabolic Englaciation   Hex/Ice        #.........   100%        5    ######.
 Summon Demon             Summ           #.........   100%        5    ######.
 Summon Forest            Summ/Tloc      #.........   100%        5    ######.
 Summon Mana Viper        Hex/Summ       #.......     100%        5    ######.
 Venom Bolt               Conj/Pois      #.........   100%        5    ######.
 Yara's Violent Unravell  Hex/Tmut       #.........   100%        5    ######.
 Bolt of Cold             Conj/Ice       #.........   100%        6    #######
 Bolt of Fire             Conj/Fire      #.........   100%        6    #######
 Conjure Ball Lightning   Conj/Air       #.........   100%        6    #######
 Dispersal                Tloc           #.........   100%        6    #######
 Freezing Cloud           Conj/Ice/Air   #.........   100%        6    #######
 Hydra Form               Tmut           #.........   100%        6    #######
 Ozocubu's Refrigeration  Ice            #.........   100%        6    #######
 Shadow Creatures         Summ           N/A          100%        6    #######
 Simulacrum               Ice/Necr       #.........   100%        6    #######
 Statue Form              Tmut/Erth      #........    100%        6    #######
 Dragon Form              Tmut           #.........   100%        7    #######
 Ring of Flames           Chrm/Fire      #.........   100%        7    #######
 Disjunction              Tloc           #.........   100%        8    #######
 Ignition                 Fire           #.........   100%        8    #######


Dungeon Overview and Level Annotations

Branches:
Dungeon (15/15)            Temple (1/1) D:4            Lair (5/6) D:9
 Shoals (4/4) Lair:3       Spider (4/4) Lair:3          Orc (2/2) D:9
    Elf (3/3) Orc:2        Vaults (0/5) D:13         Depths (0/5) D:15
  Sewer (visited)         Gauntlet (visited)
  Slime: Lair:5-6

Altars:
Ashenzari
Cheibriados
Dithmenos
Elyvilon
Fedhas
Gozag
Hepliaklqana
Kikubaaqudgha
Makhleb
Nemelex Xobeh
Okawaru
Qazlal
Ru
Sif Muna
Trog
Uskayaw
Vehumet
Xom
Yredelemnul
Zin
The Shining One
Beogh

Shops:
D:6 *   D:7 *}   D:8 ?   D:9 [   D:11 ?!(   Orc:2 :((!   Elf:1 =   Elf:2 ?
Elf:3 }   Shoals:3 *(*%!

Annotations:
D:3 3 runed translucent doors, Alannah's ghost, amateur GrFi
Lair:5 1 runed translucent door, Jeban's ghost, journeyman OpFi


Innate Abilities, Weirdness & Mutations

You reflexively headbutt those who attack you in melee.
You have a pair of horns on your head.


Message History

The deep elf sorcerer hits you but does no damage.
Unknown command.
You slash the deep elf sorcerer! You freeze the deep elf sorcerer.
You headbutt the deep elf sorcerer!
The deep elf sorcerer is heavily wounded.
The deep elf master archer shoots an arrow.
You block the arrow. You block the deep elf mage's attack.
The deep elf sorcerer hits you but does no damage.
The deep elf master archer shoots an arrow.
You block the arrow.
You hit the deep elf sorcerer but do no damage.
The deep elf sorcerer is heavily wounded.
The deep elf sorcerer casts a spell at you.
The bolt of acid hits you!!
* * * LOW HITPOINT WARNING * * *
The acid corrodes you!
You are splashed with acid!
* * * LOW HITPOINT WARNING * * *
The deep elf mage gestures at you while chanting.
The bolt of lightning hits you!!
You die...

.## #####..........##
..#####...'...........##
...'......'............###****
.))'....#.#.............'.,,,*
...#.####.#.............'.,,,*
...#.# #.#............#***,,*
..##.# #.#...........#* *,,*
.###.# ##'##....)e...## *,,*
'# #.# #........@e.'## *,,* .#
#.# #........)e...# *,,* .#
#.# #######(#####.#******** .#
#.# ##*,,,,...,,*** .# #.#
***,,,,,,{ee.,,,*** .###.#
**,,,,,,,{,...,,,,,** .....#
**,,,,,****,####,,,,,** ..####
**,,,,*****,,,*,***,,,,** ###
*,,,*****,,,,,,,*****,,,*


You could see a deep elf master archer, a deep elf sorcerer and a deep elf mage.

Vanquished Creatures
  Nikola (Spider:3)
  Arachne (Spider:4)
  Rupert (Lair:5)
  2 deep elf blademasters
  Frances (D:13)
  A kraken (Shoals:4)
  Donald (Elf:3)
  Gastronok (Orc:1)
  Roxanne (Elf:3)
  4 deep elf sorcerers
  A frost giant (Shoals:4)
  5 ghost moths
  A fire giant (D:15)
  An orc warlord (Orc:1)
  3 deep elf elementalists (Elf:3)
  4 emperor scorpions
  Nessos (D:15)
  5 entropy weavers
  A deep elf annihilator (Elf:3)
  A deep elf demonologist (Elf:2)
  A minotaur (Gauntlet)
  Snorg (Orc:1)
  An ettin (D:12)
  2 deep elf death magi
  A spark wasp (Spider:4)
  A merfolk javelineer (Shoals:4)
  A fire dragon (D:15)
  14 merfolk impalers
  Fannar (Orc:1)
  A deep elf high priest (Elf:1)
  The ghost of Nefuv the Blocker, a journeyman MiBe of Trog (Lair:3)
  8 hydras
  6 merfolk avatars
  7 centaur warriors
  3 ogre magi
  2 alligator snapping turtles (Shoals:3)
  5 merfolk aquamancers (Shoals:4)
  7 two-headed ogres
  5 satyrs
  10 death yaks
  23 dancing weapons
  3 orc high priests (Orc:2)
  17 deep elf knights
  Sonja (Lair:5)
  3 unseen horrors
  9 skeletal warriors
  7 sea snakes
  A deep troll (shapeshifter) (Elf:2)
  5 deep elf archers
  An obsidian statue (Gauntlet)
  38 wolf spiders
  A wolf spider zombie (D:13)
  Pikel (D:6)
  13 orb spiders
  7 cyclopes
  5 orc knights
  55 deep elf magi
  11 harpies
  16 ugly things
  10 fauns
  A faun (shapeshifter) (D:13)
  7 orc sorcerers
  3 moths of wrath
  18 manticores
  4 oklob plants
  6 centaur zombies
  11 elephants
  3 torpor snails
  9 merfolk sirens
  3 black mambas
  5 water nymphs
  A black mamba (shapeshifter) (D:15)
  A gargoyle (D:11)
  7 spiny frogs
  2 kobold demonologists (D:14)
  A rime drake (Lair:2)
  6 komodo dragons
  2 efreet
  33 merfolk
  A queen bee (Gauntlet)
  14 demonic crawlers
  4 red devils (D:15)
  34 jumping spiders
  5 trolls
  A meliai (shapeshifter) (Elf:3)
  A polar bear (shapeshifter) (D:13)
  4 wind drakes
  A harpy skeleton (D:14)
  A polar bear (Lair:5)
  17 dream sheep
  3 slime creatures (D:14)
  11 snapping turtles
  9 blink frogs
  8 hornets
  12 hippogriffs
  5 water elementals
  Sigmund (D:6)
  76 redbacks
  A spriggan (D:8)
  18 yaks
  A wraith (D:13)
  3 wyverns
  4 air elementals
  32 tarantellas
  A vampire (D:11)
  A basilisk (shapeshifter) (D:13)
  3 basilisks
  4 hungry ghosts
  4 fire elementals
  5 steam dragons
  3 wargs
  Menkaure (D:6)
  A vampire mosquito (D:12)
  3 acid dragons
  8 porcupines
  Duvessa (D:4)
  10 water moccasins
  29 orc warriors
  3 slaves (D:6)
  3 sky beasts
  A black bear (D:11)
  5 phantoms
  5 ice beasts
  12 ogres
  18 centaurs
  An eye of draining (D:14)
  2 necrophages
  12 wolves
  13 crocodiles
  Blork the orc (D:4)
  A big kobold (D:9)
  20 bullfrogs
  2 wyvern zombies
  Dowan (D:4)
  3 wyvern skeletons
  11 scorpions
  16 killer bees
  24 wights
  5 howler monkeys
  3 electric eels (Lair:4)
  3 crimson imps
  A quasit (D:12)
  A bullfrog zombie (D:13)
  5 hounds
  A gnoll shaman (D:10)
  19 orc priests
  4 bullfrog skeletons
  19 orc wizards
  3 centaur skeletons
  Jessica (D:2)
  7 iguanas
  16 worker ants
  A killer bee zombie (D:7)
  A bullfrog simulacrum (D:12)
  A hound skeleton (D:8)
  3 hound zombies
  A howler monkey zombie (D:9)
  2 worker ant zombies
  9 gnolls
  13 adders
  A shadow imp (D:14)
  2 oozes
  An adder skeleton (D:5)
  A worm (D:3)
  2 dart slugs
  4 leopard geckos
  82 orcs
  12 giant cockroaches
  7 hobgoblins
  13 jackals
  16 kobolds
  5 quokkas
  A ball python (D:3)
  8 bats
  4 frilled lizards
  6 goblins
  A leopard gecko skeleton (D:4)
  A quokka skeleton (D:4)
  5 rats
  A fungus (Lair:1)
  12 plants
  3 tentacles (Shoals:4)
1267 creatures vanquished.

Vanquished Creatures (others)
  A deep elf knight (Elf:1)
  An orb spider (Spider:3)
  A deep elf mage (Elf:2)
  A raiju (Gauntlet)
  A shadow (D:14)
  9 fungi
  8 plants
  10 tentacles (Shoals:4)
32 creatures vanquished.

Grand Total: 1299 creatures vanquished

Notes
Turn   | Place    | Note
-------+----------+-------------------------------------------
     0 | D:1      | Peloso the Minotaur Fighter began the quest for the Orb.
     0 | D:1      | Reached XP level 1. HP: 19/19 MP: 0/0
   128 | D:1      | Reached XP level 2. HP: 18/27 MP: 1/1
   418 | D:1      | Reached skill level 4 in Shields
   639 | D:2      | Noticed Jessica
   650 | D:2      | Killed Jessica
   650 | D:2      | Reached XP level 3. HP: 25/33 MP: 2/2
  1252 | D:3      | Reached XP level 4. HP: 41/41 MP: 3/3
  1659 | D:3      | Reached XP level 5. HP: 36/47 MP: 4/4
  1854 | D:3      | Found a runed translucent gate.
  1854 | D:3      | Found a runed translucent gate.
  1855 | D:3      | Found a runed translucent gate.
  1856 | D:3      | Noticed Alannah's ghost (amateur GrFi)
  2304 | D:4      | Noticed Blork the orc
  2322 | D:4      | Killed Blork the orc
  2322 | D:4      | Reached skill level 5 in Armour
  2416 | D:4      | Reached XP level 6. HP: 32/55 MP: 5/5
  2493 | D:4      | Found a staircase to the Ecumenical Temple.
  2509 | Temple   | Entered the Ecumenical Temple
  2547 | Temple   | Became a worshipper of Warmaster Okawaru
  2586 | D:4      | Reached skill level 5 in Shields
  2624 | D:4      | Reached skill level 5 in Long Blades
  2746 | D:4      | Reached skill level 5 in Fighting
  2746 | D:4      | Reached skill level 1 in Dodging
  2823 | D:4      | Reached XP level 7. HP: 46/61 MP: 6/6
  2828 | D:4      | Noticed Duvessa
  2829 | D:4      | Noticed Dowan
  2833 | D:4      | Killed Duvessa
  2833 | D:4      | Reached * piety under Okawaru
  2838 | D:4      | Killed Dowan
  2867 | D:4      | Reached skill level 1 in Stealth
  2867 | D:4      | Reached skill level 6 in Shields
  3526 | D:5      | Entered Level 5 of the Dungeon
  3547 | D:5      | Reached XP level 8. HP: 66/69 MP: 7/7
  4014 | D:5      | Found a shimmering blue altar of Sif Muna.
  4413 | D:6      | Noticed Pikel
  4615 | D:6      | Found Areut's Lightly-Used Armoury.
  4617 | D:6      | Found a glowing drain.
  4649 | Sewer    | Entered a sewer
  4722 | Sewer    | Reached skill level 7 in Shields
  4799 | D:6      | Found a shattered altar of Ashenzari.
  4800 | D:6      | Noticed Sigmund
  4820 | D:6      | Killed Sigmund
  4832 | D:6      | Noticed Menkaure
  4847 | D:6      | Killed Menkaure
  4847 | D:6      | Reached ** piety under Okawaru
  5283 | D:6      | Killed Pikel
  5283 | D:6      | Reached XP level 9. HP: 71/78 MP: 8/8
  5697 | D:7      | Reached skill level 8 in Shields
  5778 | D:7      | Found Ympagur's Gadget Boutique.
  5853 | D:7      | Found a shimmering altar of Xom.
  6165 | D:7      | Found Fjyolize's Fabulous Fripperies.
  6405 | D:7      | Reached *** piety under Okawaru
  6421 | D:8      | Reached skill level 10 in Long Blades
  6493 | D:8      | Reached skill level 9 in Shields
  6529 | D:8      | Reached **** piety under Okawaru
  6564 | D:8      | Reached XP level 10. HP: 30/86 MP: 9/9
  7035 | D:8      | Found Bunuhy's Magic Scroll Shop.
  7055 | D:8      | Bought a scroll of teleportation for 30 gold pieces
  7055 | D:8      | Bought a scroll of remove curse for 30 gold pieces
  7055 | D:8      | Bought a scroll of magic mapping for 35 gold pieces
  7410 | D:9      | Noticed a two-headed ogre
  7426 | D:9      | Killed a two-headed ogre
  7721 | D:9      | Found Xad Duuh's Armour Boutique.
  7827 | D:9      | Reached ***** piety under Okawaru
  8178 | D:9      | Reached skill level 10 in Shields
  8248 | D:9      | Found a roughly hewn altar of Beogh.
  8248 | D:9      | Found a staircase to the Orcish Mines.
  8302 | Orc:1    | Entered Level 1 of the Orcish Mines
  8695 | Orc:1    | Noticed an orc sorcerer
  8702 | Orc:1    | Killed an orc sorcerer
  8702 | Orc:1    | Reached XP level 11. HP: 95/95 MP: 7/10
  9405 | D:6      | Bought -1 gold dragon scales for 750 gold pieces
  9506 | D:10     | Entered Level 10 of the Dungeon
  9619 | D:10     | Reached skill level 1 in Invocations
  9643 | D:10     | Received a gift from Okawaru
 10077 | D:10     | Noticed a two-headed ogre
 10088 | D:10     | Killed a two-headed ogre
 10242 | D:11     | Found Hufeaq's Magic Scroll Shop.
 10256 | D:11     | Reached skill level 11 in Shields
 10319 | D:11     | Noticed a green ugly thing
 10325 | D:11     | Noticed a red ugly thing
 10345 | D:11     | Killed a green ugly thing
 10358 | D:11     | Killed a red ugly thing
 10380 | D:11     | Noticed a six-headed hydra
 10381 | D:11     | Noticed a skeletal warrior
 10638 | D:11     | Noticed a six-headed hydra
 10655 | D:11     | Killed a one-headed hydra
 10655 | D:11     | Reached skill level 1 in Axes
 10702 | D:11     | Noticed a skeletal warrior
 10910 | D:11     | Noticed a skeletal warrior
 10913 | D:11     | Killed a skeletal warrior
 10913 | D:11     | Reached skill level 10 in Armour
 10929 | D:11     | Noticed a skeletal warrior
 10933 | D:11     | Killed a skeletal warrior
 10950 | D:11     | Noticed a skeletal warrior
 10976 | D:10     | Killed a skeletal warrior
 10976 | D:10     | Received a gift from Okawaru
 10980 | D:10     | Got a polished ring mail {god gift}
 10992 | D:10     | Identified the +5 ring mail of Depression {rF+} (Okawaru
                  | gifted it to you on level 10 of the Dungeon)
 11142 | D:10     | Killed a skeletal warrior
 11142 | D:10     | Reached skill level 12 in Shields
 11142 | D:10     | Reached XP level 12. HP: 78/106 MP: 12/12
 11389 | D:11     | Killed a one-headed hydra
 11491 | D:11     | Reached skill level 10 in Fighting
 11576 | D:11     | Found Uhaazeta's Distillery.
 11849 | D:11     | Noticed a centaur warrior
 11867 | D:11     | Killed a centaur warrior
 11867 | D:11     | Reached skill level 13 in Shields
 11888 | D:11     | Found Kecalupi's Antique Weapon Shop.
 12136 | D:12     | Noticed a centaur warrior
 12247 | D:12     | Noticed a centaur warrior
 12334 | D:12     | Killed a centaur warrior
 12334 | D:12     | Received a gift from Okawaru
 12346 | D:12     | Killed a centaur warrior
 12480 | D:12     | Noticed an ogre mage
 12490 | D:12     | Killed an ogre mage
 12577 | D:12     | Got a brightly glowing falchion {god gift}
 12578 | D:12     | Identified the +5 falchion "Roxtot" {flame, +Fly rF+ Dex+3}
                  | (Okawaru gifted it to you on level 12 of the Dungeon)
 12630 | D:12     | Noticed a seven-headed hydra
 12644 | D:12     | Killed a one-headed hydra
 12644 | D:12     | Reached skill level 15 in Long Blades
 12644 | D:12     | Reached skill level 14 in Shields
 12644 | D:12     | Reached XP level 13. HP: 78/115 MP: 14/14
 12707 | D:12     | Reached ****** piety under Okawaru
 12764 | D:12     | Received a gift from Okawaru
 13048 | D:12     | Noticed an ettin
 13063 | D:12     | Killed an ettin
 13680 | D:9      | Found a staircase to the Lair.
 13740 | Lair:1   | Entered Level 1 of the Lair of Beasts
 14741 | Lair:2   | Reached skill level 15 in Shields
 14914 | Lair:2   | Reached skill level 1 in Evocations
 15480 | Lair:3   | Received a gift from Okawaru
 15485 | Lair:3   | Got a polished dagger {god gift}
 15486 | Lair:3   | Identified the +4 dagger of Domination {speed, Str+4 Dex+4}
                  | (Okawaru gifted it to you on level 3 of the Lair of Beasts)
 15553 | Lair:3   | Found a runed translucent door.
 15553 | Lair:3   | Noticed Nefuv's ghost (journeyman MiBe)
 15788 | Lair:3   | Found a staircase to the Shoals.
 16123 | Lair:2   | Reached XP level 14. HP: 109/125 MP: 15/15
 16352 | Lair:3   | Found a hole to the Spider Nest.
 16814 | Lair:4   | Received a gift from Okawaru
 16841 | Lair:4   | Reached skill level 16 in Shields
 16854 | Lair:4   | Got a brightly glowing plate armour {god gift}
 16891 | Lair:4   | Identified the +4 plate armour of the Queen {rC+} (Okawaru
                  | gifted it to you on level 4 of the Lair of Beasts)
 17960 | Lair:5   | Noticed Rupert
 18156 | Lair:5   | Got a crystal falchion
 18157 | Lair:5   | Identified the +3 falchion of the Curious Allies {protect,
                  | rPois} (You found it on level 5 of the Lair of Beasts)
 18590 | Lair:5   | Noticed Sonja
 18622 | Lair:5   | Killed Sonja
 18851 | Lair:5   | Killed Rupert
 18851 | Lair:5   | Received a gift from Okawaru
 18884 | Lair:5   | Found a runed translucent door.
 18884 | Lair:5   | Found a shimmering altar of Xom.
 18884 | Lair:5   | Identified the +4 scimitar "Nosiedam" {chaos, rPois}
 18884 | Lair:5   | Noticed Jeban's ghost (journeyman OpFi)
 19625 | D:13     | Noticed Frances
 19644 | D:13     | Killed Frances
 19706 | D:13     | Found a gate to the Vaults.
 20311 | Orc:2    | Entered Level 2 of the Orcish Mines
 20526 | Orc:1    | Noticed Fannar
 20538 | Orc:1    | Killed Fannar
 20538 | Orc:1    | Reached skill level 17 in Shields
 20539 | Orc:1    | Noticed Gastronok
 20572 | Orc:1    | Killed Gastronok
 20716 | Orc:1    | Noticed Snorg
 20731 | Orc:1    | Killed Snorg
 20822 | Orc:2    | Found a staircase to the Elven Halls.
 20874 | Orc:2    | Noticed an orc warlord
 20901 | Orc:1    | Reached XP level 15. HP: 120/136 MP: 16/16
 21048 | Orc:1    | Killed an orc warlord
 21048 | Orc:1    | Received a gift from Okawaru
 21506 | Orc:2    | Found Soep's Distillery.
 21688 | Orc:2    | Found Mogerote's Antique Weapon Shoppe.
 21692 | Orc:2    | Found Orecs's Weapon Shoppe.
 21695 | Orc:2    | Bought a potion of berserk rage for 80 gold pieces
 21695 | Orc:2    | Bought a potion of flight for 48 gold pieces
 21699 | Orc:2    | Found Syifat's Book Boutique.
 22400 | D:14     | Reached skill level 18 in Shields
 22950 | D:15     | Entered Level 15 of the Dungeon
 23015 | D:15     | Found a gate leading to a gauntlet.
 23026 | Gauntlet | Entered a Gauntlet
 23026 | Gauntlet | Found a transporter.
 23031 | Gauntlet | Found a transporter.
 23033 | Gauntlet | Found a transporter.
 23053 | Gauntlet | Found a transporter.
 23056 | Gauntlet | Found a transporter.
 23066 | Gauntlet | Found a transporter.
 23083 | Gauntlet | Found a transporter.
 23089 | Gauntlet | Found a transporter.
 23108 | Gauntlet | Found a transporter.
 23113 | Gauntlet | Found a transporter.
 23132 | Gauntlet | Found a runed translucent door.
 23138 | Gauntlet | Found a runed translucent door.
 23139 | Gauntlet | Found a transporter.
 23139 | Gauntlet | Found a transporter.
 23140 | Gauntlet | Found a runed translucent door.
 23168 | Gauntlet | Found a transporter.
 23173 | Gauntlet | Found a transporter.
 23334 | Gauntlet | Got a translucent golden amulet
 23346 | Gauntlet | Identified the amulet of Rahair {Regen+ Str+7 Stlth+} (You
                  | found it in a Gauntlet)
 23358 | Gauntlet | Reached skill level 15 in Armour
 23498 | D:15     | Received a gift from Okawaru
 23526 | D:15     | Got a pair of ancient boots {god gift}
 23578 | D:15     | Identified the +2 pair of boots of Fesips {Str+3} (Okawaru
                  | gifted it to you on level 15 of the Dungeon)
 23617 | D:15     | Noticed a fire giant
 23630 | D:15     | Killed a fire giant
 23631 | D:15     | Found a staircase to the Depths.
 24290 | D:15     | Noticed Nessos
 24298 | D:15     | Killed Nessos
 24692 | Shoals:1 | Entered Level 1 of the Shoals
 25121 | Shoals:1 | Reached XP level 16. HP: 147/147 MP: 17/17
 25499 | Shoals:2 | Reached skill level 19 in Shields
 26129 | Shoals:3 | Found Boopon's Food Shop.
 26131 | Shoals:3 | Found Unwolank's Assorted Antiques.
 26171 | Shoals:3 | Received a gift from Okawaru
 26199 | Shoals:3 | Found Riv Wula's Antique Weapon Shop.
 26201 | Shoals:3 | Bought a potion of berserk rage for 185 gold pieces
 26246 | Shoals:3 | Found Siejarek's Distillery.
 26289 | Shoals:3 | Bought a potion of agility for 76 gold pieces
 26289 | Shoals:3 | Bought a potion of brilliance for 76 gold pieces
 26289 | Shoals:3 | Bought a potion of berserk rage for 95 gold pieces
 26289 | Shoals:3 | Bought a potion of berserk rage for 95 gold pieces
 26370 | Shoals:3 | Identified the Compendium of Translocation
 26554 | Shoals:3 | Found Ceang's Assorted Antiques.
 26563 | Shoals:3 | Bought a wand of digging (6) for 248 gold pieces
 26691 | Shoals:3 | Found a runed translucent door.
 26914 | Shoals:3 | Reached skill level 15 in Fighting
 26931 | Shoals:3 | Identified the ring of No Interval {Str+5 SInv Stlth+}
 27305 | Shoals:4 | Entered Level 4 of the Shoals
 27379 | Shoals:3 | Reached skill level 20 in Shields
 27883 | Shoals:4 | Received a gift from Okawaru
 28861 | Shoals:4 | Reached XP level 17. HP: 71/156 MP: 18/18
 29167 | Shoals:4 | Got a barnacled rune of Zot
 29178 | Shoals:4 | Noticed a kraken
 29221 | Shoals:4 | Killed a kraken
 29748 | Shoals:4 | Reached skill level 21 in Shields
 30432 | Lair:3   | Cast into level 3 of the Abyss (Nefuv's ghost)
 30452 | Lair:3   | Escaped the Abyss
 30459 | Lair:3   | Killed Nefuv's ghost
 30525 | Spider:1 | Entered Level 1 of the Spider Nest
 30528 | Spider:1 | Received a gift from Okawaru
 31955 | Spider:2 | HP: 3/158 [acid (10)]
 32711 | Spider:2 | Received a gift from Okawaru
 33416 | Spider:3 | Reached skill level 22 in Shields
 33979 | Spider:3 | Noticed Nikola
 33989 | Spider:3 | Killed Nikola
 33989 | Spider:3 | Received a gift from Okawaru
 33989 | Spider:3 | Reached XP level 18. HP: 126/167 MP: 19/19
 34291 | Spider:4 | Entered Level 4 of the Spider Nest
 34550 | Spider:4 | Identified the Handbook of Assistive Clay
 34949 | Spider:4 | Noticed Arachne
 35614 | Spider:4 | Killed Arachne
 35614 | Spider:4 | Received a gift from Okawaru
 35614 | Spider:4 | Reached skill level 23 in Shields
 35623 | Spider:4 | Got a spiked plate armour {god gift}
 35634 | Spider:4 | Identified the +0 plate armour "Seorgh" {rPois Int+4 Dex-5}
                  | (Okawaru gifted it to you on level 4 of the Spider Nest)
 35757 | Spider:4 | Got a gossamer rune of Zot
 36236 | Elf:1    | Entered Level 1 of the Elven Halls
 36812 | Elf:1    | Found Nafown's Jewellery Boutique.
 36846 | Elf:1    | Bought a cursed amulet of inaccuracy for 26 gold pieces
 37406 | Elf:1    | Identified the Almanac of Creative Confrontation
 37991 | Elf:2    | Reached XP level 19. HP: 123/177 MP: 21/21
 38207 | Elf:2    | Received a gift from Okawaru
 38208 | Elf:2    | Found the +2 pair of boots of the Assassin {Detection Stab+
                  | Stlth++}
 38555 | Elf:2    | Found Elugix's Magic Scroll Boutique.
 38581 | Elf:2    | Bought a scroll of enchant armour for 105 gold pieces
 38581 | Elf:2    | Bought a scroll of holy word for 105 gold pieces
 38583 | Elf:2    | Identified a scroll of acquirement
 38663 | Elf:2    | Found a runed translucent gate.
 38663 | Elf:2    | Found a runed translucent gate.
 38663 | Elf:2    | Found a runed translucent gate.
 39323 | Elf:2    | Reached skill level 24 in Shields
 39386 | Elf:3    | Entered Level 3 of the Elven Halls
 39447 | Elf:3    | Got a flickering zirconium amulet
 39448 | Elf:3    | Identified the amulet of Eboynivo {Reflect rElec SH+3} (You
                  | found it on level 3 of the Elven Halls)
 39484 | Elf:3    | Noticed Roxanne
 39548 | Elf:3    | Killed Roxanne
 39745 | Elf:3    | Found Qismeec's Gadget Boutique.
 39776 | Elf:3    | Noticed Donald
 39788 | Elf:3    | Killed Donald
 40579 | Elf:3    | Received a gift from Okawaru
 40590 | Elf:3    | Killed from afar by a deep elf mage

Levels and vault maps discovered:
D:1:      psy_arrival_statuary, layout_loops_ring
D:2:      layout_loops_ring, uniq_jessica
D:3:      layout_loops_ring, gammafunk_ghost_necromancy
D:4:      minmay_recursive_quarters, layout_loops_corners, temple_green,
          first_ration, uniq_duvessa, uniq_blork_the_orc
D:5:      layout_loops_corners, tgw_sif
D:6:      layout_basic, gup_sewer_entry_glass, grunt_ministairs_13,
          minmay_shop_damaged, kennysheep_cross_bottleneck,
          evilmike_ruin_ashenzari, uniq_menkaure, uniq_pikel, uniq_sigmund
D:7:      layout_loops_cross, tgw_xom, serial_shops, kennysheep_little_box,
          nicolae_alphabet_shops
D:8:      layout_basic, serial_shops, nicolae_shop_window_shopping, the_bakery,
          kennysheep_nub
D:9:      layout_basic, due_lair_maze_entry_diamond, david_orc_5, serial_shops,
          shop, minmay_diced_spiral
D:10:     layout_long_grid, serial_glass, glass_columns_b, glass_columns_a
D:11:     cheibrodos_ideogram_h, layout_loops_cross, serial_shops,
          nicolae_shop_window_shopping, shop, shop, kennysheep_pointless_box,
          minmay_fractal_squares_gapless_5
D:12:     minmay_the_grid_square_5x5_4x4 [minmay_the_grid_square_5x5_forky,
          minmay_the_grid_square_5x5_pentomino_r,
          minmay_the_grid_square_5x5_n_small,
          minmay_the_grid_square_5x5_shrine1,
          minmay_the_grid_square_5x5_one_wall,
          minmay_the_grid_square_5x5_prize_itemx,
          minmay_the_grid_square_5x5_prize_monsterx,
          minmay_the_grid_square_5x5_plus, minmay_the_grid_square_5x5_meh,
          minmay_the_grid_square_5x5_prize_rear_guard,
          minmay_the_grid_square_5x5_prize_open,
          minmay_the_grid_square_5x5_detours, minmay_the_grid_square_5x5_mess,
          minmay_the_grid_square_5x5_checkered_statues,
          minmay_the_grid_square_5x5_hourglass,
          minmay_the_grid_square_5x5_spiral_small], layout_cave_pools
D:13:     layout_small_grid, david_vaults_2, uniq_frances
D:14:     layout_small_grid, hangedman_glass_teeth
D:15:     grunt_enter_depths_giant_problem, layout_loops_ring, chequers_garden,
          gauntlet_entry_generic, einodemon_armed_red_devil_minivault,
          uniq_nessos
Temple:   dpeg_three_leaves_temple
Lair:1:   layout_roguey, patterned_corridor
Lair:2:   layout_roguey, serial_bayou_pond_e, beast_lair_carwin_10
Lair:3:   layout_hall_layers, minmay_shoals_entry_hut,
          nicolae_spider_entry_non_spiders, hellmonk_ghost_happy_afterlife,
          minmay_lair_oklob_chamber
Lair:4:   layout_big_grid, guppyfry_lair_drakes, wad_woods_river_01
Lair:5:   layout_regular_city, ebering_ghost_xom, uniq_sonja, uniq_rupert
Shoals:1: layout_shoals, nicolae_shoals_square_sea_wall
Shoals:2: layout_shoals, nicolae_shoals_seven_spires
Shoals:3: layout_shoals, serial_shops, nicolae_shop_overgrown_old_shop, shop,
          shop, shop, shop, lightli_airlock
Shoals:4: shoals_end_grunt_ice, layout_shoals
Spider:1: layout_spider_delve
Spider:2: spider_temple_joshua
Spider:3: layout_spider_delve, uniq_nikola
Spider:4: grunt_spider_rune_parallel, worms_lemuel, uniq_arachne
Orc:1:    minmay_goldmine, layout_caves, uniq_snorg, uniq_gastronok, uniq_fannar
Orc:2:    st_orc_elflike, layout_caves
Elf:1:    minmay_elf_arrival_circle, layout_gridlike, serial_shops, shop,
          minmay_elf_sorcery
Elf:2:    layout_geoelf_diagonals, serial_shops, shop
Elf:3:    minmay_elf_hall_circle, layout_gridlike, serial_shops, shop,
          uniq_roxanne, uniq_donald

Skill      XL: |  1  2  3  4  5  6  7  8  9 10 11 12 13 14 15 16 17 18 19 |
---------------+----------------------------------------------------------+-----
Armour         | 4 5 6 7 8 9 10 11 12 14 15 16 17 18 | 18.8
Shields        | 4 5 6 7 9 10 12 14 15 17 18 20 22 23 24 | 24.2
Fighting       | 4 5 6 7 8 9 10 12 13 14 15 16 17 | 17.7
Long Blades    | 3 4 5 6 9 11 13 14 15 16 17 18 | 18.9
Dodging        | 1 2 |  2.0
Stealth        | 1 |  1.9
Invocations    | 2 3 4 |  4.1
Axes           | 2 3 |  3.1
Evocations     | 1 |  1.6

Action                   |  1- 3 |  4- 6 |  7- 9 | 10-12 | 13-15 | 16-18 | 19-21 || total
-------------------------+-------+-------+-------+-------+-------+-------+-------++-------
Melee: Long sword        |    66 |   140 |   333 |   954 |       |       |       ||  1493
       Headbutt          |     8 |    30 |    74 |   237 |   636 |   750 |   153 ||  1888
       War axe           |       |       |       |    16 |       |       |       ||    16
       Falchion          |       |       |       |    16 |  1886 |  2243 |   392 ||  4537
       Double sword      |       |       |       |       |       |       |    65 ||    65
Invok: Heroism           |       |       |     2 |    11 |    13 |     5 |     2 ||    33
       Finesse           |       |       |       |     1 |     2 |       |       ||     3
Evoke: Wand              |       |       |     1 |       |     6 |     7 |       ||    14
  Use: Potion            |     1 |     2 |     1 |       |     2 |     5 |       ||    11
       Scroll            |       |     4 |     2 |     4 |    14 |    13 |    10 ||    47
  Eat: Chunk             |       |     6 |    10 |    13 |    43 |    38 |     7 ||   117
       Ration            |       |       |     1 |     3 |       |     2 |       ||     6
Armor: Scale mail        |    15 |       |       |       |       |       |       ||    15
       Plate armour      |    18 |    80 |   161 |   127 |       |       |       ||   386
       Gold dragon scale |       |       |       |   267 |   734 |  1247 |   161 ||  2409
Dodge: Dodged            |    17 |    25 |    68 |   165 |   275 |   575 |    48 ||  1173
Block: Shield            |    37 |    73 |   199 |   530 |  1088 |  2234 |   287 ||  4448
       Rpst.: Long sword |     9 |     7 |    17 |    35 |       |       |       ||    68
       Falchion          |       |       |       |     1 |    61 |    85 |    12 ||   159
       Double sword      |       |       |       |       |       |       |     4 ||     4
